General information
			
			
        
        - name: Grudge
 
        - type: Ladder 1vs1/FFA
 
        - host: BEAR_AND
 
        - saver: kunt.roII
 
        
map: ManorAisle~1 
        - players: 3
 
        - length: 14:02
 
        - speed: Fast
 - version: 1.22 W3XP
 - replay type:  Public
 
» download(76 KB)
Players
        team 1 (loser) 
              
              
TIMG4STRok (
gray | 54 APM | 751 actions | 14:01)
              
 1 Demon Hunter 
 1 Mana Burn
 
                » actions 
                
                | Assign group hotkey | 6 |  | 
| Basic commands | 13 |  | 
| Build / train | 18 |  | 
| ESC pressed | 1 |  | 
| Enter build submenu | 8 |  | 
| Enter hero's abilities submenu | 1 |  | 
| Right click | 490 |  | 
| Select / deselect | 85 |  | 
| Select group hotkey | 96 |  | 
| Use ability | 33 |  | 
                751 total
 » units 
                » upgrades
                » buildings
                
                | Altar of Elders | 1 |  | 
| Moon Well | 2 |  | 
| Ancient of War | 1 |  | 
| Tree of Ages | 1 |  | 
| Hunter's Hall | 1 |  | 
| Tree of Life | 2 |  | 
                8 total
 » build order
                00:09 Altar of Elders
00:17 Moon Well
00:50 Ancient of War
01:34 Moon Well
02:48 Tree of Ages
04:01 Hunter's Hall
05:10 Tree of Life
05:19 Tree of Life
 
               team 2 (winner) 
              
              
kunt.roII (
red | 102 APM | 1429 actions | 14:02)
              
 4 Death Knight 
 2 Death Coil
 2 Unholy Aura
 
                » actions 
                
                | Assign group hotkey | 111 |  | 
| Basic commands | 39 |  | 
| Build / train | 39 |  | 
| ESC pressed | 3 |  | 
| Enter build submenu | 14 |  | 
| Enter hero's abilities submenu | 4 |  | 
| Give item / drop item | 1 |  | 
| Right click | 732 |  | 
| Select / deselect | 186 |  | 
| Select group hotkey | 235 |  | 
| Use ability | 64 |  | 
                1429 total
 » units 
                
                | Acolyte | 4 |  | 
| Ghoul | 10 |  | 
| Gargoyle | 11 |  | 
                25 total
 » upgrades
                
                | Creature Attack | 1 |  | 
| Stone Form | 1 |  | 
| Creature Carapace | 1 |  | 
                3 total
 » buildings
                
                | Crypt | 3 |  | 
| Altar of Darkness | 1 |  | 
| Ziggurat | 4 |  | 
| Tomb of Relics | 1 |  | 
| Nerubian Tower | 1 |  | 
| Halls of the Dead | 2 |  | 
| Graveyard | 1 |  | 
| Black Citadel | 1 |  | 
                14 total
 » build order
                00:09 Crypt
00:12 Altar of Darkness
00:23 Ziggurat
01:01 Tomb of Relics
01:28 Ziggurat
02:18 Crypt
02:51 Nerubian Tower
04:00 Halls of the Dead
04:00 Halls of the Dead
05:02 Ziggurat
05:02 Ziggurat
05:21 Graveyard
05:24 Crypt
06:29 Black Citadel
» items
                
                | Rod of Necromancy | 1 |  | 
| Dust of Appearance | 1 |  | 
                2 total
  
               refereesBEAR_AND Chat log
          (00:28 / All) kunt.roII: this is the map
(00:31 / All) kunt.roII: u shoulda been orc on
(00:38 / All) kunt.roII: jusus this base is so open
(00:50 / All) kunt.roII: blinn makes this map "hmm how to fuck up ud mine the most...."
(03:57 / All) kunt.roII: u need to work on that new mouse butan..
(05:27 / All) kunt.roII: Welp..
(05:38 / All) TIMG4STRok: yo i click ym wisp to come detonate and he dont come......
(07:06 / All) kunt.roII: manner up please...
(07:13 / All) TIMG4STRok: says the undead
(07:14 / All) kunt.roII: lol
(07:28 / All) kunt.roII: that 24 ms ping didnt really help you to not walk into a surround?
(07:37 / All) TIMG4STRok: was trying to get my wisp to come
(07:43 / All) kunt.roII: blame wisps
(07:46 / All) TIMG4STRok: also i was being fancy
(07:48 / All) TIMG4STRok: you know
(08:25 / All) kunt.roII: lol wut.
(11:07 / All) kunt.roII: woah
(11:36 / All) kunt.roII: coil wont work O_O
(11:39 / All) kunt.roII: elf is imbalanced